 Dungeon Sprint DCSS version 0.31-a0-1002-g8e65716e6e (webtiles) character file.

Game seed: 9176598585344131957

1935 Majang the Grappler (level 8, -11/84 HPs)
             Began as a Troll Shapeshifter on Nov 9, 2023.
             Was an Elder of Cheibriados.
             Mangled by a vampire (13 damage)
             ... in the Dungeon (Sprint IX: "|||||||||||||||||||||||||||||").
             The game lasted 00:04:10 (200 turns).

Majang the Grappler (Troll Shapeshifter)             Turns: 200, Time: 00:04:11

Health: -11/84     AC:  4    Str: 34    XL:     8   Next: 97%
Magic:  10/11      EV: 15    Int: 15    God:    Cheibriados [****..]
Gold:   0          SH:  0    Dex: 21    Spells: 7/7 levels left

rFire   . .          .
                       - Unarmed
rCold   . . .        (shield currently unavailable)
rNeg    . . .        a - +0 animal skin
rPois   .            (helmet restricted)
rElec   .            (no cloak)
rCorr   .            (gloves unavailable)
SInv    .            (boots unavailable)
Will    .....        (no amulet)
Stlth   +            m - +3 ring of dexterity
HPRegen 1.14/turn    n - +2 ring of evasion
MPRegen 0.12/turn

%: no teleportation
@: flux-form, glowing, very slow
A: glow, contaminating, large, unfitting armour, claws 3, regeneration 1, shaggy
fur 1, tough skin 1
a: Begin Untransformation, Renounce Religion, Bend Time, Temporal Distortion,
Slouch


You were in the Dungeon.
You worshipped Cheibriados.
Cheibriados was greatly pleased with you.
You were something dangerously unstable.
You visited 1 branch

Inventory:

Hand Weapons
 b - a +0 giant club
Armour
 a - a +0 animal skin (worn)
Jewellery
 m - a +3 ring of dexterity (left claw)
 n - a +2 ring of evasion (right claw)
Talismans
 c - a beast talisman
 d - a flux talisman (active)
Wands
 l - a wand of light (10)
Scrolls
 j - 2 scrolls of blinking
 k - 2 scrolls of amnesia
Potions
 e - 2 potions of curing
 g - a potion of haste
 h - 4 potions of magic


   Skills:
 + Level 6.9 Fighting
 + Level 5.8 Dodging
 * Level 11.7 Unarmed Combat
 + Level 5.7 Invocations
 * Level 10.9 Shapeshifting


You had 7 spell levels left.
You didn't know any spells.
Your spell library was empty.

Dungeon Overview and Level Annotations

Branches:
Dungeon (1/1)

Altars:
Cheibriados
Dithmenos
Elyvilon
Fedhas
Gozag
Hepliaklqana
Kikubaaqudgha
Makhleb
Nemelex Xobeh
Okawaru
Qazlal
Ru
Sif Muna
Trog
Uskayaw
Vehumet
Wu Jian
Xom
Yredelemnul
Zin
The Shining One
Jiyva
Lugonu


Innate Abilities, Weirdness & Mutations

You are something dangerously unstable.
You glow with magical radiation, making you easy to see and hit.
Foes you strike become dangerously contaminated with magical radiation.
You are incapable of wielding weapons or throwing items.
You are too large for most types of armour.
You have claws for hands.
Your natural rate of healing is unusually fast.
You are covered in fur. (AC +1)
You have tough skin. (AC +1)


Message History

The manticore bites you! The manticore claws you.
* * * LOW HITPOINT WARNING * * *
The manticore claws you.
* * * LOW HITPOINT WARNING * * *
You mangle the manticore!!
The manticore shudders as magic cascades through it!!
You kill the manticore!
Cheibriados appreciates the change of pace.
You can now inflict damage on those overly hasty.
Cheibriados raises the support of your attributes as your movement slows.
The cyclops throws a large rock.
The large rock closely misses you.
You feel better.
You hear some strange, mumbled words.
Something tries to affect you, but you resist.
The cyclops throws a large rock.
The large rock hits you!
* * * LOW HITPOINT WARNING * * *
Unknown command.
Something hits you!
* * * LOW HITPOINT WARNING * * *
Something bites you.
* * * LOW HITPOINT WARNING * * *
Something draws strength from your injuries!
You hear some strange, mumbled words.
You are confused.
There is an open door, spattered with blood here.
You see here a +2 scimitar of flaming.
You bump into the unnaturally hard rock wall.
Something hits you.
* * * LOW HITPOINT WARNING * * *
Something closely misses you.
Unknown command.
You are too confused!
You feel better. Something hits you!
* * * LOW HITPOINT WARNING * * *
Something bites you.
* * * LOW HITPOINT WARNING * * *
Something draws strength from your injuries!
You closely miss something. Something hits you but does no damage.
Something bites you!
You die... ▓▓▓▓▓▓▓▓▓▓▓▓▓▓▓▓▓▓▓▓▓▓▓▓ +....C{p......)..[[[.).! ▓▓▓▓▓▓▓▓▓▓▓▓▓▓▓▓▓▓▓▓▓▓▓▓

You could see a cyclops.

Vanquished Creatures
  A manticore (D)
  An ugly thing (D)
  A kobold demonologist (D)
  An efreet (D)
  A slime creature (D)
  A yak (D)
  An orc warrior (D)
  An ogre (D)
  A kobold brigand (D)
  A wight (D)
  2 hounds (D)
  An orc wizard (D)
  An adder (D)
  An ufetubus (D)
  2 goblins (D)
  A jackal (D)
  A ball python (D)
  A rat (D)
20 creatures vanquished.

Notes
Turn   | Place    | Note
-------+----------+-------------------------------------------
     0 | D        | Majang the Troll Shapeshifter began the quest for the Orb.
     0 | D        | Reached XP level 1. HP: 18/18 MP: 0/0
     5 | D        | Reached skill level 1 in Fighting
    17 | D        | Noticed a hound
    17 | D        | Noticed a hound
    17 | D        | Noticed an ogre
    23 | D        | Killed an ogre
    24 | D        | Reached skill level 6 in Unarmed Combat
    24 | D        | Reached skill level 5 in Shapeshifting
    24 | D        | Reached XP level 2. HP: 22/31 MP: 1/1
    24 | D        | Reached XP level 3. HP: 26/37 MP: 2/2
    24 | D        | Reached XP level 4. HP: 32/45 MP: 3/3
    42 | D        | Reached skill level 7 in Unarmed Combat
    42 | D        | Reached XP level 5. HP: 54/54 MP: 4/4
    76 | D        | Found a snail-covered altar of Cheibriados.
    76 | D        | Found a shadowy altar of Dithmenos.
    76 | D        | Found a white marble altar of Elyvilon.
    76 | D        | Found a blossoming altar of Fedhas.
    76 | D        | Found an opulent altar of Gozag.
    77 | D        | Found a hazy altar of Hepliaklqana.
    78 | D        | Found a viscous altar of Jiyva.
    79 | D        | Found an ancient bone altar of Kikubaaqudgha.
    80 | D        | Became a worshipper of Cheibriados the Contemplative
    81 | D        | Found a corrupted altar of Lugonu.
    82 | D        | Found a burning altar of Makhleb.
    83 | D        | Found a sparkling altar of Nemelex Xobeh.
    84 | D        | Found an iron altar of Okawaru.
    85 | D        | Found a stormy altar of Qazlal.
    86 | D        | Found a sacrificial altar of Ru.
    87 | D        | Found a shimmering blue altar of Sif Muna.
    88 | D        | Found a bloodstained altar of Trog.
    89 | D        | Found a hide-covered altar of Uskayaw.
    90 | D        | Found a radiant altar of Vehumet.
    91 | D        | Found an ornate altar of the Wu Jian Council.
    92 | D        | Found a shimmering altar of Xom.
    93 | D        | Found a basalt altar of Yredelemnul.
    94 | D        | Found a glowing silver altar of Zin.
    95 | D        | Found a glowing golden altar of the Shining One.
   121 | D        | Noticed a yak
   121 | D        | Noticed an orc warrior
   121 | D        | Noticed a kobold demonologist
   123 | D        | Noticed an ice devil
   126 | D        | Killed a kobold demonologist
   127 | D        | Reached skill level 5 in Fighting
   127 | D        | Reached skill level 9 in Unarmed Combat
   127 | D        | Reached XP level 6. HP: 66/66 MP: 4/7
   128 | D        | Reached * piety under Cheibriados
   131 | D        | Reached XP level 7. HP: 72/72 MP: 4/8
   136 | D        | Reached ** piety under Cheibriados
   141 | D        | Killed a yak
   142 | D        | Reached skill level 10 in Unarmed Combat
   174 | D        | Noticed a cyclops
   174 | D        | Noticed a manticore
   174 | D        | Noticed a vampire
   174 | D        | Noticed a slime creature
   174 | D        | Noticed a purple ugly thing
   174 | D        | Noticed an efreet
   181 | D        | Killed an efreet
   182 | D        | Reached XP level 8. HP: 42/83 MP: 10/10
   187 | D        | Killed a green ugly thing
   187 | D        | Reached *** piety under Cheibriados
   188 | D        | Reached skill level 5 in Dodging
   188 | D        | Reached skill level 11 in Unarmed Combat
   188 | D        | Reached skill level 5 in Invocations
   188 | D        | Reached skill level 10 in Shapeshifting
   192 | D        | Killed a slime creature
   195 | D        | Killed a manticore
   195 | D        | Reached **** piety under Cheibriados
   199 | D        | HP: 1/84 [something (6)]
   200 | D        | Mangled by a vampire

Illustrated notes

Levels and vault maps discovered:
D:        linesprint [early_d, line_temple, items_1, d_10, items_2, lair_1,
          lair_end, items_3, orc_1, orc_end, items_4, d_15, swamp_1, shoals_1,
          snake_1, spider_1, d_20, vaults_1, items_5, swamp_end, shoals_end,
          snake_end, spider_end, vaults_end, d_27, items_6, zot_1, zot_end,
          crypt_end, forest_end, elf_end, slime_end, tomb_end, abyss_end,
          pan_hell_end]

Skill      XL: |  1  2  3  4  5  6  7  8 |
---------------+-------------------------+-----
Fighting       | 3 5 6 |  6.9
Unarmed Combat | 6 7 9 10 11 | 11.7
Shapeshifting  | 5 6 8 9 10 | 10.9
Dodging        | 3 4 5 |  5.8
Invocations    | 3 4 5 |  5.7

Action                     |  1- 3 |  4- 6 |  7- 9 || total
---------------------------+-------+-------+-------++-------
  Melee: Unarmed           |    11 |    27 |    30 ||    68
    Use: Potion            |     1 |     2 |     5 ||     8
 Armour: Skin              |     2 |    21 |       ||    23
         Animal skin       |     1 |     5 |    26 ||    32
  Dodge: Dodged            |     1 |     4 |    11 ||    16
   Form: Flux              |       |     1 |       ||     1

Table legend: (Time is in decaauts)
 A = Elapsed time spent in this place.
 B = Non-inter-level travel time spent in this place.
 C = Inter-level travel time spent in this place.
 D = Time resting spent in this place.
 E = Time spent auto-exploring this place.
 F = Levels seen in this place.
 G = Mean time per level.
                   A        B        C        D        E       F      G
               +--------+--------+--------+--------+--------+-----+--------+
         Total |    214 |    214 |      0 |     50 |      0 |   1 |  214.0 |
       Dungeon |    214 |    214 |      0 |     50 |      0 |   1 |  214.0 |
               +--------+--------+--------+--------+--------+-----+--------+

Top non-repeatable levels by time:
       D: 214 daAuts
